 Dungeon Crawl Stone Soup version 0.18-a0-971-g0af6217 (webtiles) character file.

65 dvd the Ducker (level 4, 0/33 HPs)
             Began as a Merfolk Transmuter on Jan 2, 2016.
             Succumbed to an adder's poison
             ... on level 2 of the Dungeon.
             The game lasted 00:05:22 (1567 turns).

dvd the Ducker (Merfolk Transmuter)                 Turns: 1567, Time: 00:05:22

Health: 0/33       AC:  4    Str: 10    XL:     4   Next: 14%
Magic:  3/7        EV: 14    Int: 13    God:
Gold:   90         SH:  0    Dex: 14    Spells: 1 memorised, 4 levels left

rFire  + . .     SeeInvis .       - Unarmed
rCold  + . .     Gourm    .     e - +0 robe
rNeg   . . .     Faith    .     (no shield)
rPois  +         Spirit   .     k - +2 hat
rElec  +         Dismiss  .     (no cloak)
rCorr  +         Reflect  .     (no gloves)
SustAt .         Harm     .     (no boots)
MR     .....                    (no amulet)
Stlth  +.........               (no ring)
                                (no ring)

@: lethally poisoned (0 -> -3), appendage (expiring), resistant, very slightly
contaminated, not resistant to hostile enchantments, very unstealthy
A: change form in water, swift swim, horns 2
a: End Transformation


You were on level 2 of the Dungeon.
You were not hungry.
You had grown temporary horns.
You visited 1 branch of the dungeon, and saw 2 of its levels.

You collected 90 gold pieces.

Inventory:

Hand Weapons
 i - a +0 spear
Armour
 b - a +0 robe
 e - a +0 robe (worn)
 k - a +2 hat (worn)
Scrolls
 l - a scroll of teleportation
Potions
 f - a potion of brilliance
Books
 c - a book of Changes

   Spells                             Type                      Level
   a - Beastly Appendage              Transmutation                1
   b - Sticks to Snakes               Transmutation                2
   c - Spider Form                    Transmutation/Poison         3
   d - Ice Form                       Ice/Transmutation            4
   e - Blade Hands                    Transmutation                5
Comestibles
 d - 2 bread rations
 j - a meat ration


   Skills:
 + Level 1.7 Fighting
 + Level 4.0 Dodging
 + Level 0.2 Stealth
 + Level 3.8 Unarmed Combat
 + Level 2.4 Spellcasting
 + Level 3.0 Transmutations


You had 4 spell levels left.
You knew the following spells:

 Your Spells              Type           Power        Failure   Level  Hunger
b - Spider Form           Trmt/Pois      #.........   38%         3    ###....


Dungeon Overview and Level Annotations

Branches:
Dungeon (2/15)

Altars:


Innate Abilities, Weirdness & Mutations

You revert to your normal form in water.
You are very nimble and swift while swimming.
You have a pair of horns on your head.


Message History

Read which item? (? for menu, Esc to quit)
As you read the scroll labeled ZISUNNASIZ, it crumbles to dust.
It is a scroll of enchant armour.
Enchant which item? (? for menu, Esc to quit)
Your +1 hat glows green for a moment.
* * * LOW HITPOINT WARNING * * *
You feel sick.
Read which item? (? for menu, Esc to quit)
As you read the scroll labeled BODIRO CIKUSH, it crumbles to dust.
It is a scroll of amnesia.
Forget which spell ([?*] list [ESC] exit)?
Your memory of Beastly Appendage unravels.
Read which item? (? for menu, Esc to quit)
As you read the scroll labeled CIUNAI BUYRROUF, it crumbles to dust.
It is a scroll of identify.
Identify which item? (\ to view known items) (? for menu, Esc to quit)
l - a scroll of teleportation
* * * LOW HITPOINT WARNING * * *
You feel sick.
You die...

#..# #####.##### #.#
#..# #...'.'...# #.#
#..# #.###.###.# #..
#..# #.# #.# #.# #..
#..###'###.###'###..
#..'.............+
#..###+###.###'###
#..# #.# #.# ##.#
#.###@# #.# +.†...#
#.# #.##### #.# #.
#. #+


There were no monsters in sight!

Vanquished Creatures
  Ijyb (D:1)
  2 adders (D:2)
  A worm (D:1)
  2 giant geckos (D:1)
  2 bats
  2 giant cockroaches
  3 goblins
  A hobgoblin (D:1)
  2 giant newts
  5 kobolds (D:1)
  A rat (D:2)
22 creatures vanquished.

Notes
Turn   | Place    | Note
--------------------------------------------------------------
     0 | D:1      | dvd the Merfolk Transmuter began the quest for the Orb.
     0 | D:1      | Reached XP level 1. HP: 15/15 MP: 3/3
   252 | D:1      | Reached XP level 2. HP: 11/21 MP: 3/5
  1005 | D:2      | Noticed Ijyb
  1041 | D:1      | Killed Ijyb
  1041 | D:1      | Reached XP level 3. HP: 13/27 MP: 4/6
  1196 | D:1      | Learned a level 3 spell: Spider Form
  1560 | D:2      | Reached skill level 4 in Dodging
  1560 | D:2      | Reached XP level 4. HP: 3/33 MP: 2/7
  1564 | D:2      | HP: 1/33 [poisoned by an adder]
  1567 | D:2      | Succumbed to an adder's poison

Vault maps used:
D:1:      lemuel_arrival_room, minmay_fountain_box
D:2:      lemuel_doored_altar, lemuel_crystal_altar, minmay_door_square,
          uniq_iyjb

Action                   |  1- 3 |  4- 6 || total
-------------------------+-------+-------++-------
Melee: Unarmed           |   120 |       ||   120
 Cast: Beastly Appendage |    20 |       ||    20
       Spider Form       |     1 |       ||     1
  Use: Potion            |     2 |       ||     2
       Scroll            |       |     3 ||     3
 Stab: Sleeping          |     1 |       ||     1
  Eat: Chunk             |     2 |       ||     2
       Pizza             |       |     1 ||     1
